 Dungeon Crawl Stone Soup version 0.19.4-10-g532645f (webtiles) character file.

35 muscothym the Magician (level 3, -1/21 HPs)
             Began as a High Elf Wizard on Feb 26, 2017.
             Slain by an adder (2 damage)
             ... on level 2 of the Dungeon.
             The game lasted 00:23:48 (1700 turns).

muscothym the Magician (High Elf Wizard)            Turns: 1700, Time: 00:23:49

Health: -1/21      AC: 11    Str: 11    XL:     3   Next: 17%
Magic:  7/10       EV:  2    Int: 23    God:
Gold:   97         SH:  0    Dex: 13    Spells: 4 memorised, 3 levels left

rFire  . . .     SeeInvis .     e - +1 short sword
rCold  . . .     Gourm    .     u - +0 plate armour
rNeg   . . .     Faith    .     (no shield)
rPois  .         Spirit   .     b - +1 hat
rElec  .         Reflect  .     (no cloak)
rCorr  .         Harm     .     (no gloves)
MR     .....     Rnd*Tele +     (no boots)
Stlth  ..........               (no amulet)
                                r - +5 ring of strength
                                p - ring of teleportation

@: lethally poisoned (-1 -> -11), very slightly contaminated
A: no striking features
a: no special abilities


You were on level 2 of the Dungeon.
You were not hungry.

You visited 1 branch of the dungeon, and saw 2 of its levels.

You collected 97 gold pieces.

Inventory:

Hand Weapons
 e - a +1 short sword (weapon)
 i - a +0 dagger
 j - a +0 dagger
 k - a +0 club
 o - a -2 mace
 v - a +0 quarterstaff
Armour
 a - a +0 robe
 b - a +1 hat (worn)
 g - a +0 leather armour
 u - a +0 plate armour (worn)
Jewellery
 p - a ring of teleportation (left hand)
 r - a +5 ring of strength (right hand)
Potions
 f - a potion of curing
 h - a potion of berserk rage {unknown}
 l - a potion of cancellation {unknown}
 m - a potion of invisibility {unknown}
 n - a potion of lignification {unknown}
 q - a potion of haste {unknown}
 t - a potion of heal wounds {unknown}
Books
 c - a book of Minor Magic

   Spells                             Type                      Level
   a - Magic Dart                     Conjuration                  1
   b - Blink                          Translocation                2
   c - Call Imp                       Summoning                    2
   d - Repel Missiles                 Charms/Air                   2
   e - Slow                           Hexes                        2
   f - Conjure Flame                  Conjuration/Fire             3
   g - Mephitic Cloud                 Conjuration/Poison/Air       3


   Skills:
 + Level 0.5 Short Blades
 + Level 2.5 Dodging
 + Level 2.1 Stealth
 + Level 4.5 Spellcasting
 + Level 1.2 Conjurations
 + Level 1.1 Summonings
 + Level 1.2 Translocations


You had 3 spell levels left.
You knew the following spells:

 Your Spells              Type           Power        Failure   Level  Hunger
a - Magic Dart            Conj           ##..         100%        1    None
b - Blink                 Tloc           N/A          100%        2    None
c - Call Imp              Summ           ##......     100%        2    None
d - Mephitic Cloud        Conj/Pois/Air  #.......     100%        3    ##.....


Dungeon Overview and Level Annotations

Branches:
Dungeon (2/15)

Altars:
Cheibriados


Message History

The adder poisons you! The adder bites you but does no damage.
* * * LOW HITPOINT WARNING * * *
You feel sick. The adder bites you but does no damage.
Casting: Mephitic Cloud
Confirm with . or Enter, or press ? or * to list all spells.
The spell is very dangerous to cast!
Continue anyway?
Uppercase [Y]es or [N]o only, please.
The spell is very dangerous to cast!
Continue anyway? [Y]es or [N]o only, please.
The spell is very dangerous to cast!
Continue anyway?
Uppercase [Y]es or [N]o only, please.
The spell is very dangerous to cast!
Continue anyway?
Aiming: Mephitic Cloud
Press: ? - help, Shift-Dir - straight line You miscast Mephitic Cloud.
You are very lightly contaminated with residual magic.
You are under the weather.
* * * LOW HITPOINT WARNING * * *
You feel sick. The adder bites you.
You die...

. . .# . . ##.### .#.
....# # .l# #.#.#.#
..# #.#.#.# ..##
§§.§. ...# # #§§#
...# #.#..##S§# .).#
#.#..§§§@# #
...######.#####§###..
...^...##....§§§.....
.............§§§.....
.......###...#...#.
...##### #.......#..
...# #.#†.##.#.##
.#.# #.#..##.#.##
...#######..........#


You could see an adder.

Vanquished Creatures
  A dart slug (D:1)
  A leopard gecko (D:2)
  A giant cockroach (D:1)
  A goblin (D:1)
  6 hobgoblins (D:1)
  3 jackals (D:2)
  2 frilled lizards (D:1)
  A kobold (D:1)
  A rat (D:1)
17 creatures vanquished.

Vanquished Creatures (collateral kills)
  A worm (D:2)
  A leopard gecko (D:1)
  3 goblins
  4 hobgoblins (D:1)
  2 jackals (D:2)
  A kobold (D:2)
  A frilled lizard (D:2)
  3 rats
16 creatures vanquished.

Grand Total: 33 creatures vanquished

Notes
Turn   | Place    | Note
-------+----------+-------------------------------------------
     0 | D:1      | muscothym the High Elf Wizard began the quest for the Orb.
     0 | D:1      | Reached XP level 1. HP: 11/11 MP: 6/6
   319 | D:1      | Reached skill level 4 in Spellcasting
   343 | D:1      | Reached XP level 2. HP: 17/17 MP: 0/8
   501 | D:1      | Learned a level 2 spell: Blink
   504 | D:1      | Learned a level 2 spell: Call Imp
  1128 | D:2      | Reached skill level 1 in Summonings
  1347 | D:2      | Reached XP level 3. HP: 21/21 MP: 0/9
  1509 | D:2      | Found a snail-covered altar of Cheibriados.
  1661 | D:2      | Learned a level 3 spell: Mephitic Cloud
  1700 | D:2      | HP: 1/21 [poisoned by an adder]
  1700 | D:2      | Slain by an adder

Skill      XL: |  1  2 |
---------------+-------+-----
Spellcasting   | 4 |  4.5
Summonings     | 1 |  1.1
Short Blades   | |  0.5
Dodging        | |  2.5
Stealth        | |  2.1
Conjurations   | |  1.2
Translocations | |  1.2

Action                   || total
-------------------------++-------
Melee: Short sword       ||    31
       Dagger            ||    10
       Mace              ||    12
 Cast: Magic Dart        ||    26
       Call Imp          ||    20
       Blink             ||     2
  Use: Scroll            ||     6
       Potion            ||     1
  Eat: Pizza             ||     1
       Bread ration      ||     1
Armor: Robe              ||     6
       Plate armour      ||    51
Dodge: Dodged            ||    39
